 Dungeon Crawl Stone Soup version 0.28.0-53-g5a82cb258f (webtiles) character file.

Game seed: 13227228518750003627

273 DearestLeader the Shield-Bearer (level 6, -2/53 HPs)
             Began as a Gnoll Fighter on May 22, 2022.
             Slain by Menkaure (7 damage)
             ... on level 4 of the Dungeon.
             The game lasted 00:06:14 (2956 turns).

DearestLeader the Shield-Bearer (Gnoll Fighter)     Turns: 2956, Time: 00:06:15

Health: -2/53      AC: 11    Str: 23    XL:     6   Next: 24%
Magic:  8/8        EV: 10    Int:  7    God:
Gold:   118        SH:  5    Dex: 12    Spells: 8/8 levels left

rFire   + + .      SeeInvis .   j - +5 mace
rCold   x . .      Faith    .   c - +0 buckler
rNeg    . . .      Spirit   .   t - +0 fire dragon scales
rPois   .          Reflect  .   (no helmet)
rElec   .          Harm     .   f - +0 cloak
rCorr   .          Rampage  .   (no gloves)
Will    .....                   (no boots)
Stlth   ..........              (no amulet)
HPRegen 0.17/turn               l - +6 ring of strength
MPRegen 0.11/turn               (no ring)

@: mighty
A: fangs 1, strong nose, distributed training
a: no special abilities


You were on level 4 of the Dungeon.
You visited 1 branch of the dungeon, and saw 4 of its levels.

You collected 118 gold pieces.

Inventory:

Hand Weapons
 a - a +0 war axe
 b - a +1 trident of venom
 j - a +5 mace (weapon)
Armour
 c - a +0 buckler (worn)
 f - a +0 cloak (worn)
 t - +0 fire dragon scales (worn)
Jewellery
 l - a +6 ring of strength (left hand)
 u - an amulet of faith
Scrolls
 e - 2 scrolls of immolation {unknown}
 g - 4 scrolls of identify {unknown}
 h - 3 scrolls of torment {unknown}
 i - a scroll of silence {unknown}
 m - a scroll of amnesia {unknown}
 o - a scroll of magic mapping {unknown}
 q - a scroll of teleportation {unknown}
Potions
 k - a potion of curing {unknown}
 n - a potion of flight {unknown}
 p - a potion of lignification {unknown}
 r - a potion of degeneration {unknown}
 s - a potion of heal wounds {unknown}


   Skills:
 + Level 6.8 Fighting
 + Level 1.8 Short Blades
 + Level 1.8 Long Blades
 + Level 4.9 Axes
 + Level 1.8 Maces & Flails
 + Level 1.8 Polearms
 + Level 1.8 Staves
 + Level 1.8 Slings
 + Level 1.8 Bows
 + Level 1.8 Crossbows
 + Level 1.8 Throwing
 + Level 6.8 Armour
 + Level 1.8 Dodging
 + Level 1.8 Stealth
 + Level 6.8 Shields
 + Level 1.8 Unarmed Combat
 + Level 1.8 Spellcasting
 + Level 1.4 Conjurations
 + Level 1.4 Hexes
 + Level 1.4 Summonings
 + Level 1.4 Necromancy
 + Level 1.4 Translocations
 + Level 1.4 Transmutations
 + Level 1.4 Fire Magic
 + Level 1.4 Ice Magic
 + Level 1.4 Air Magic
 + Level 1.4 Earth Magic
 + Level 1.4 Poison Magic
 + Level 2.0 Invocations
 + Level 1.8 Evocations


You had 8 spell levels left.
You didn't know any spells.
Your spell library was empty.

Dungeon Overview and Level Annotations

Branches:
Dungeon (4/15)
 Temple: D:4-7

Altars:
Ru

Annotations:
D:4 Menkaure


Innate Abilities, Weirdness & Mutations

You have very sharp teeth.
Your uncanny sense of smell can sniff out nearby items.
Your experience applies equally to all skills.


Message History

You closely miss the quokka. Your bite misses the quokka.
The quokka is heavily wounded.
The quokka bites you but does no damage.
The endoplasm barely misses you.
You hit the quokka.
You kill the quokka!
The endoplasm hits you but does no damage.
You completely miss the endoplasm.
The endoplasm hits you but does no damage.
You puncture the endoplasm!
You kill the endoplasm!
No target in view!
g - 4 scrolls labelled ATOTET KURI (gained 1)
Found a sacrificial altar of Ru.
You now have 118 gold pieces (gained 8).
Menkaure, Prince of Dust comes into view.
Menkaure shouts!
Menkaure mumbles some strange words.
Menkaure seems to speed up.
Your +1 trident of venom stops dripping with poison.
j - a +5 mace (weapon)
Menkaure is nearby!
Menkaure gestures at you while chanting.
Pain shoots through your body!
Menkaure calls on the powers of darkness!
Your body is wracked with pain!
You are too injured to fight recklessly!
Menkaure hits you!
* * * LOW HITPOINT WARNING * * *
Menkaure barely misses you.
You feel very mighty all of a sudden.
Menkaure calls on the powers of darkness!
Your body is wracked with pain!
* * * LOW HITPOINT WARNING * * *
You barely miss Menkaure. Menkaure hits you.
* * * LOW HITPOINT WARNING * * *
You sock Menkaure!
Menkaure is moderately damaged.
Menkaure hits you!
You die...

### #.. #.# ## ##.# ##
## . ##.M####...##.
#..@.?.......## .
######...###...#..#.#
.............#......# #.
....#....#.....#... .
....#......#..##.#######
..####...>###.......#...
....#......#..##..#.#.##
#...#....#.....#..#.#.#
#+###.............#...##


You could see Menkaure (fast).

Vanquished Creatures
  A hound (D:4)
  Crazy Yiuf (D:2)
  A bullfrog skeleton (D:4)
  Terence (D:2)
  An iguana (D:4)
  3 adders (D:2)
  3 worms
  4 dart slugs
  An orc (D:4)
  5 ball pythons
  8 endoplasms
  8 giant cockroaches
  9 goblins
  9 hobgoblins
  4 jackals (D:3)
  6 quokkas
  3 bats
  4 frilled lizards
  12 kobolds
  2 rats (D:1)
86 creatures vanquished.

Notes
Turn   | Place    | Note
-------+----------+-------------------------------------------
     0 | D:1      | DearestLeader the Gnoll Fighter began the quest for the
                  | Orb.
     0 | D:1      | Reached XP level 1. HP: 23/23 MP: 1/1
    71 | D:1      | Reached XP level 2. HP: 26/29 MP: 2/2
   405 | D:1      | Reached XP level 3. HP: 32/35 MP: 3/3
   465 | D:1      | Found a faded altar of an unknown god.
   531 | D:2      | Noticed Terence
   549 | D:2      | Killed Terence
   550 | D:2      | Reached skill level 1 in Short Blades
   550 | D:2      | Reached skill level 1 in Long Blades
   550 | D:2      | Reached skill level 1 in Maces & Flails
   550 | D:2      | Reached skill level 1 in Polearms
   550 | D:2      | Reached skill level 1 in Staves
   550 | D:2      | Reached skill level 1 in Slings
   550 | D:2      | Reached skill level 1 in Bows
   550 | D:2      | Reached skill level 1 in Crossbows
   550 | D:2      | Reached skill level 1 in Throwing
   550 | D:2      | Reached skill level 1 in Dodging
   550 | D:2      | Reached skill level 1 in Stealth
   550 | D:2      | Reached skill level 1 in Unarmed Combat
   550 | D:2      | Reached skill level 1 in Spellcasting
   550 | D:2      | Reached skill level 1 in Invocations
   550 | D:2      | Reached skill level 1 in Evocations
   864 | D:2      | Reached XP level 4. HP: 40/41 MP: 5/5
  1057 | D:2      | Reached skill level 1 in Conjurations
  1057 | D:2      | Reached skill level 1 in Hexes
  1057 | D:2      | Reached skill level 1 in Summonings
  1057 | D:2      | Reached skill level 1 in Necromancy
  1057 | D:2      | Reached skill level 1 in Translocations
  1057 | D:2      | Reached skill level 1 in Transmutations
  1057 | D:2      | Reached skill level 1 in Fire Magic
  1057 | D:2      | Reached skill level 1 in Ice Magic
  1057 | D:2      | Reached skill level 1 in Air Magic
  1057 | D:2      | Reached skill level 1 in Earth Magic
  1057 | D:2      | Reached skill level 1 in Poison Magic
  1725 | D:2      | Found a runed translucent door.
  1726 | D:2      | Noticed Crazy Yiuf
  1732 | D:2      | Killed Crazy Yiuf
  1733 | D:2      | Reached XP level 5. HP: 7/47 MP: 5/7
  2809 | D:4      | Reached XP level 6. HP: 53/53 MP: 8/8
  2944 | D:4      | Found a sacrificial altar of Ru.
  2948 | D:4      | Noticed Menkaure
  2956 | D:4      | Slain by Menkaure

Illustrated notes

Levels and vault maps discovered:
D:1:      wander_arrival_peaceful_grave, layout_rooms,
          shapermc_ecumenical_altar_mp_vishouse
D:2:      layout_basic, minmay_misc_feat_nine_boxes, minmay_liquid_box,
          uniq_terence, uniq_crazy_yiuf_cottage
D:3:      minmay_door_path, layout_rooms, minmay_goblin_kobold_house
D:4:      layout_loops_ring, hangedman_ru_absence, nrook_mini_vaults,
          uniq_sigmund, uniq_menkaure, uniq_grinder

Skill      XL: |  1  2  3  4  5 |
---------------+----------------+-----
Short Blades   | 1 |  1.8
Long Blades    | 1 |  1.8
Maces & Flails | 1 |  1.8
Polearms       | 1 |  1.8
Staves         | 1 |  1.8
Slings         | 1 |  1.8
Bows           | 1 |  1.8
Crossbows      | 1 |  1.8
Throwing       | 1 |  1.8
Dodging        | 1 |  1.8
Stealth        | 1 |  1.8
Unarmed Combat | 1 |  1.8
Spellcasting   | 1 |  1.8
Invocations    | 1 2 |  2.0
Evocations     | 1 |  1.8
Conjurations   | 1 |  1.4
Hexes          | 1 |  1.4
Summonings     | 1 |  1.4
Necromancy     | 1 |  1.4
Translocations | 1 |  1.4
Transmutations | 1 |  1.4
Fire Magic     | 1 |  1.4
Ice Magic      | 1 |  1.4
Air Magic      | 1 |  1.4
Earth Magic    | 1 |  1.4
Poison Magic   | 1 |  1.4
Fighting       | |  6.8
Axes           | |  4.9
Armour         | |  6.8
Shields        | |  6.8

Action                   |  1- 3 |  4- 6 || total
-------------------------+-------+-------++-------
Melee: War axe           |    69 |       ||    69
       Mace              |     6 |    72 ||    78
       Bite              |     2 |     8 ||    10
       Trident           |       |    78 ||    78
  Use: Potion            |       |     1 ||     1
Armor: Scale mail        |    33 |       ||    33
       Chain mail        |     6 |    15 ||    21
       Fire dragon scale |       |    43 ||    43
Dodge: Dodged            |    24 |    44 ||    68
Block: Buckler           |    22 |    38 ||    60
